 Dungeon Crawl Stone Soup version 0.28.0 (webtiles) character file.

Game seed: 5933725485081136275

30 zeram the Ducker (level 3, -4/19 HPs)
             Began as a Spriggan Fighter on Feb 5, 2022.
             Slain by an orc (9 damage)
             ... on level 3 of the Dungeon.
             The game lasted 00:03:19 (1338 turns).

zeram the Ducker (Spriggan Fighter)                 Turns: 1338, Time: 00:03:19

Health: -4/19      AC:  2    Str: 12    XL:     3   Next: 5%
Magic:  4/4        EV: 17    Int: 11    God:
Gold:   21         SH:  6    Dex: 14    Spells: 2/2 levels left

rFire   . . .      SeeInvis +   a - +0 rapier
rCold   . . .      Faith    .   c - +0 buckler
rNeg    . . .      Spirit   .   b - +0 robe
rPois   .          Reflect  .   (helmet restricted)
rElec   .          Harm     .   (no cloak)
rCorr   .          Rampage  .   (gloves unavailable)
Will    +....                   (boots unavailable)
Stlth   +.........              (no amulet)
HPRegen 0.06/turn               f - ring of willpower
MPRegen 0.09/turn               (no ring)

@: very quick
A: very small, no large weapons, unfitting armour, see invisible, speed 3
a: no special abilities


You were on level 3 of the Dungeon.
You visited 1 branch of the dungeon, and saw 3 of its levels.

You collected 21 gold pieces.

Inventory:

Hand Weapons
 a - a +0 rapier (weapon)
Armour
 b - a +0 robe (worn)
 c - a +0 buckler (worn)
Jewellery
 f - a ring of willpower (left hand)
Potions
 d - a potion of might


   Skills:
 - Level 2.4 Fighting
 + Level 2.6 Short Blades
 + Level 4.8 Dodging
 + Level 2.5 Shields


You had 2 spell levels left.
You didn't know any spells.
Your spell library was empty.

Dungeon Overview and Level Annotations

Branches:
Dungeon (2/15)

Altars:
Elyvilon


Innate Abilities, Weirdness & Mutations

You are very small and have problems with some larger weapons.
You are too small for most types of armour.
You have supernaturally acute eyesight. (SInv)
You cover ground extremely quickly. (Speed+++)


Message History

There is an open door here.
An orc comes into view. It is wielding a +0 dagger.
The orc shouts!
You hear a shout!
An orc is nearby!
An orc is nearby!
An orc comes into view. It is wielding a +0 trident.
You see here 23 stones.
An orc priest comes into view. It is wielding a +0 dagger of venom.
The orc priest shouts!
The orc throws a stone.
The stone barely misses you.
The orc priest invokes the aid of Beogh against you.
Beogh smites you!
Ouch! That really hurt!
* * * LOW HITPOINT WARNING * * *
You are too injured to fight recklessly!
You are too injured to fight recklessly!
You are too injured to fight recklessly!
You aren't carrying any scrolls.
There is an open door here.
You close the door.
You start resting.
An orc opens the door.
It is wielding a +0 dagger.
You hit the orc.
The orc is almost dead.
The orc barely misses you.
You hit the orc.
You kill the orc!
The orc throws a stone.
The stone hits you.
There is an open door, spattered with blood here.
Things that are here:
a +0 dagger; an orc corpse You are too injured to fight recklessly!
You are too injured to fight recklessly!
You are too injured to fight recklessly!
You are too injured to fight recklessly!
Unknown command.
The orc hits you from afar with a +0 trident.
* * * LOW HITPOINT WARNING * * *
You closely miss the orc. The orc hits you with a +0 trident!
You die...

#.###############.#
#.#...............#
#.#.####################
#......................o
###.####################
#.....# # #####o# # #o#
# #@# # #.# # #.# ###
######)#### #..
#.........# #..
#........(# #..
#######.........# #..
#.....'.........# #..
##.####.........# #..


You could see an orc priest and an orc.

Vanquished Creatures
  A dart slug (D:1)
  An orc (D:3)
  A ball python (D:1)
  2 bats (D:1)
  5 endoplasms
  4 hobgoblins
  A quokka (D:1)
  2 frilled lizards (D:1)
  2 goblins (D:1)
  3 kobolds
  3 rats
25 creatures vanquished.

Notes
Turn   | Place    | Note
-------+----------+-------------------------------------------
     0 | D:1      | zeram the Spriggan Fighter began the quest for the Orb.
     0 | D:1      | Reached XP level 1. HP: 11/11 MP: 2/2
   296 | D:1      | Reached XP level 2. HP: 10/16 MP: 3/3
   711 | D:1      | Found a faded altar of an unknown god.
   903 | D:2      | You fall into a shaft and drop 1 floor!
   927 | D:3      | Found a white marble altar of Elyvilon.
  1114 | D:3      | Reached XP level 3. HP: 19/19 MP: 4/4
  1338 | D:3      | Slain by an orc

Illustrated notes

Levels and vault maps discovered:
D:1:      dpeg_arrival_arbitrary_c, layout_rooms,
          chequers_ecumenical_altar_simple
D:2:      layout_basic, uniq_sigmund, uniq_jessica
D:3:      layout_basic, elyvilon_altar_1, grunt_decor_fettered

Action                   || total
-------------------------++-------
Melee: Rapier            ||    73
  Use: Scroll            ||     1
 Stab: Sleeping          ||     1
Armor: Robe              ||     9
Dodge: Dodged            ||    59
Block: Buckler           ||    22
